NYP
CONNECTICUT TIGERS @ LOS ANGELES (NYP) ANGELS
08/02/2048
 
TOP OF THE 1ST
Connecticut Tigers batting - Pitching for Los Angeles (NYP) Angels : LHP Jon Lawson
Pitching: LHP Jon Lawson
Batting: RHB Janne Vihko 0-0: SINGLE (Groundball, 56, EV 80.6 MPH) (infield hit)
Batting: LHB Antonio Luis 0-0: Ball
1-0: Ball
2-0: Called Strike
2-1: Foul Ball, location: 2F
2-2: Ball
3-2: Strikes out looking
Batting: RHB Jaden Warrior 0-0: Foul Ball, location: 2F
0-1: Called Strike
0-2: Foul Ball, location: 2F
0-2: Ball
1-2: Foul Ball, location: 2F
1-2: Strikes out swinging
Batting: RHB Juan Acero 0-0: Ball
1-0: Called Strike
1-1: Foul Ball, location: 2F
1-2: Ball
2-2: Strikes out looking
Top of the 1st over - 0 runs, 1 hit, 0 errors, 1 left on base; Connecticut 0 - Los Angeles (NYP) 0
BOTTOM OF THE 1ST
Los Angeles (NYP) Angels batting - Pitching for Connecticut Tigers : RHP Adam Oyler
Pitching: RHP Adam Oyler
Batting: RHB Nick Lombardo 0-0: Ball
1-0: Ground out 6-3 (Groundball, 6S, EV 80.6 MPH)
Batting: RHB Ricky Mejicanos 0-0: Swinging Strike
0-1: Called Strike
0-2: Strikes out looking
Batting: RHB Kyler Seitz 0-0: Ball
1-0: SINGLE (Groundball, 4MD, EV 96.9 MPH)
Batting: LHB Mutsuo IIda 0-0: Called Strike
0-1: Ball
1-1: Swinging Strike
1-2: DOUBLE (Flyball, 89XD, EV 108.8 MPH)
Kyler Seitz to third
Runner from 3rd tries for Home, SAFE, throw by CF to trailing runner, SAFE at third!
Batting: RHB Dean LeCroy 0-0: Called Strike
0-1: Foul Ball, location: 2F
0-2: Hit by Pitch
Batting: LHB Mario Anguiano 0-0: Called Strike
0-1: Ball
1-1: Ball
2-1: Ball
3-1: Ground out 4-3 (Groundball, 4D, EV 85.0 MPH)
Bottom of the 1st over - 1 run, 2 hits, 0 errors, 2 left on base; Connecticut 0 - Los Angeles (NYP) 1
TOP OF THE 2ND
Connecticut Tigers batting - Pitching for Los Angeles (NYP) Angels : LHP Jon Lawson
Batting: RHB Yankel Pensak 0-0: SOLO HOME RUN (Flyball, 78XD, EV 111.9 MPH), Distance : 425 ft
Batting: LHB Afanasy Zasekin 0-0: Ball
1-0: Called Strike
1-1: Foul Ball, location: 2F
1-2: Foul Ball, location: 2F
1-2: Ball
2-2: Ball
3-2: Fly out, F5 (Line Drive, 56, EV 68.1 MPH)
Batting: RHB Jeremiah Washington 0-0: Ball
1-0: Ball
2-0: Ball
3-0: Base on Balls
Batting: RHB Jordan Hall 0-0: Ball
1-0: Ball
2-0: Called Strike
2-1: Called Strike
2-2: Fielders Choice at 2nd, 6-4 (Groundball, 6S, EV 85.6 MPH)
Batting: SHB Ian Arlotta 0-0: Foul Ball, location: 2F
0-1: Foul Ball, location: 2F
0-2: Ball
1-2: Ball
2-2: Foul Ball, location: 2F
2-2: Fielders Choice at 2nd, U4 (Groundball, 4M, EV 91.2 MPH)
Top of the 2nd over - 1 run, 1 hit, 0 errors, 1 left on base; Connecticut 1 - Los Angeles (NYP) 1
BOTTOM OF THE 2ND
Los Angeles (NYP) Angels batting - Pitching for Connecticut Tigers : RHP Adam Oyler
Batting: RHB Wilford Harper 0-0: Called Strike
0-1: Swinging Strike
0-2: Strikes out looking
Batting: SHB Tim Connell 0-0: Ball
1-0: Ball
2-0: Foul Ball, location: 2F
2-1: Ball
3-1: Foul Ball, location: 2F
3-2: Strikes out swinging
Batting: RHB Ron Major 0-0: Called Strike
0-1: Ball
1-1: Ground out 5-3 (Groundball, 5L, EV 85.6 MPH)
Bottom of the 2nd over - 0 runs, 0 hits, 0 errors, 0 left on base; Connecticut 1 - Los Angeles (NYP) 1
TOP OF THE 3RD
Connecticut Tigers batting - Pitching for Los Angeles (NYP) Angels : LHP Jon Lawson
Batting: RHB Janne Vihko 0-0: Swinging Strike
0-1: Ball
1-1: Ball
2-1: SINGLE (Groundball, 56D, EV 107.5 MPH) (infield hit)
Batting: LHB Antonio Luis 0-0: Ball
1-0: Ball
2-0: Called Strike
2-1: Foul Ball, location: 2F
2-2: SINGLE (Groundball, 6D, EV 94.4 MPH)
Janne Vihko to second
Throwing error, E7
Janne Vihko scores
Antonio Luis to second
Batting: RHB Jaden Warrior 0-0: Swinging Strike
0-1: Ground out 5-3 (Groundball, 5L, EV 85.0 MPH)
Batting: RHB Juan Acero 0-0: Swinging Strike
0-1: Ball
1-1: Foul Ball, location: 2F
1-2: Foul Ball, location: 2F
1-2: SINGLE (Line Drive, 9LS, EV 89.4 MPH)
Antonio Luis to third
Runner from 3rd tries for Home, SAFE, throw by RF to home
Batting: RHB Yankel Pensak 0-0: Foul Ball, location: 2F
0-1: Swinging Strike
0-2: Ball
1-2: Foul Ball, location: 2F
1-2: Ball
2-2: Foul Ball, location: 2F
2-2: Ball
3-2: Foul Ball, location: 2F
3-2: Base on Balls
Juan Acero to second
Batting: LHB Afanasy Zasekin 0-0: Called Strike
0-1: Ball
1-1: Foul Ball, location: 2F
1-2: Strikes out swinging
Batting: RHB Jeremiah Washington 0-0: Fielders Choice at 2nd, 6-4 (Groundball, 6, EV 80.6 MPH)
Top of the 3rd over - 2 runs, 3 hits, 1 error, 2 left on base; Connecticut 3 - Los Angeles (NYP) 1
BOTTOM OF THE 3RD
Los Angeles (NYP) Angels batting - Pitching for Connecticut Tigers : RHP Adam Oyler
Batting: RHB Nick Lombardo 0-0: Ball
1-0: Ball
2-0: Called Strike
2-1: Swinging Strike
2-2: Ball
3-2: Foul Ball, location: 2F
3-2: Strikes out swinging
Batting: RHB Ricky Mejicanos 0-0: Foul Ball, location: 2F
0-1: Ball
1-1: Ball
2-1: SINGLE (Groundball, 6MD, EV 101.2 MPH)
Batting: RHB Kyler Seitz 0-0: Ball
1-0: Called Strike
1-1: Foul Ball, location: 2F
1-2: Foul Ball, location: 2F
1-2: Ball
2-2: Grounds into double play, 5-4-3 (Groundball, 56S, EV 88.8 MPH)
Bottom of the 3rd over - 0 runs, 1 hit, 0 errors, 0 left on base; Connecticut 3 - Los Angeles (NYP) 1
TOP OF THE 4TH
Connecticut Tigers batting - Pitching for Los Angeles (NYP) Angels : LHP Jon Lawson
Batting: RHB Jordan Hall 0-0: Called Strike
0-1: Ball
1-1: SOLO HOME RUN (Flyball, 78XD, EV 108.1 MPH), Distance : 430 ft
Batting: SHB Ian Arlotta 0-0: Swinging Strike
0-1: Swinging Strike
0-2: Foul Ball, location: 2F
0-2: Foul Ball, location: 2F
0-2: Ball
1-2: Strikes out swinging
Pitching: RHP In Bea
Batting: RHB Janne Vihko 0-0: Ball
1-0: Called Strike
1-1: Foul Ball, location: 2F
1-2: Ball
2-2: Ground out 6-3 (Groundball, 6, EV 81.9 MPH)
Batting: LHB Antonio Luis 0-0: Foul Ball, location: 2F
0-1: Foul Ball, location: 2F
0-2: Ball
1-2: Ball
2-2: Foul Ball, location: 2F
2-2: Strikes out swinging
Top of the 4th over - 1 run, 1 hit, 0 errors, 0 left on base; Connecticut 4 - Los Angeles (NYP) 1
BOTTOM OF THE 4TH
Los Angeles (NYP) Angels batting - Pitching for Connecticut Tigers : RHP Adam Oyler
Batting: LHB Mutsuo IIda 0-0: Ball
1-0: Ground out 4-3 (Groundball, 4, EV 99.4 MPH)
Batting: RHB Dean LeCroy 0-0: Called Strike
0-1: Ground out 4-3 (Groundball, 4MD, EV 103.8 MPH)
Batting: LHB Mario Anguiano 0-0: Ball
1-0: Called Strike
1-1: Called Strike
1-2: Strikes out looking
Bottom of the 4th over - 0 runs, 0 hits, 0 errors, 0 left on base; Connecticut 4 - Los Angeles (NYP) 1
TOP OF THE 5TH
Connecticut Tigers batting - Pitching for Los Angeles (NYP) Angels : RHP In Bea
Batting: RHB Jaden Warrior 0-0: Ball
1-0: Fly out, F8 (Flyball, 8RD, EV 83.8 MPH)
Batting: RHB Juan Acero 0-0: Called Strike
0-1: Ball
1-1: Ball
2-1: Ball
3-1: Base on Balls
Batting: RHB Yankel Pensak 0-0: Called Strike
0-1: Ball
1-1: Ball
2-1: Ball
3-1: Base on Balls
Juan Acero to second
Batting: LHB Afanasy Zasekin 0-0: Called Strike
0-1: Swinging Strike
0-2: Fielders Choice at 2nd, 3-6 (Groundball, 34, EV 95.6 MPH)
Juan Acero to third
Batting: RHB Jeremiah Washington 0-0: Ball
1-0: Foul Ball, location: 2F
1-1: Ground out 6-3 (Groundball, 6S, EV 71.2 MPH)
Top of the 5th over - 0 runs, 0 hits, 0 errors, 2 left on base; Connecticut 4 - Los Angeles (NYP) 1
BOTTOM OF THE 5TH
Los Angeles (NYP) Angels batting - Pitching for Connecticut Tigers : RHP Adam Oyler
Batting: RHB Wilford Harper 0-0: Swinging Strike
0-1: Ball
1-1: Fly out, F7 (Flyball, 7LMF, EV 85.6 MPH)
Batting: SHB Tim Connell 0-0: Called Strike
0-1: TRIPLE (Line Drive, 78XD, EV 108.1 MPH)
Batting: RHB Ron Major 0-0: Ball
1-0: Ball
2-0: Called Strike
2-1: SINGLE (Line Drive, 4MD, EV 104.4 MPH)
Tim Connell scores
Batting: RHB Nick Lombardo 0-0: Ball
1-0: Ball
2-0: 2-RUN HOME RUN (Flyball, 78XD, EV 109.4 MPH), Distance : 426 ft
Batting: RHB Ricky Mejicanos 0-0: Called Strike
0-1: Swinging Strike
0-2: Foul Ball, location: 2F
0-2: Ball
1-2: Ground out 1-3 (Groundball, 15S, EV 67.5 MPH)
Batting: RHB Kyler Seitz 0-0: Called Strike
0-1: Foul Ball, location: 2F
0-2: Strikes out looking
Bottom of the 5th over - 3 runs, 3 hits, 0 errors, 0 left on base; Connecticut 4 - Los Angeles (NYP) 4
TOP OF THE 6TH
Connecticut Tigers batting - Pitching for Los Angeles (NYP) Angels : RHP In Bea
Batting: RHB Jordan Hall 0-0: Ball
1-0: Swinging Strike
1-1: Ground out 4-3 (Groundball, 4S, EV 72.5 MPH)
Pitching: RHP Jamie Snyder
Batting: SHB Ian Arlotta 0-0: Ball
1-0: Ball
2-0: Foul Ball, location: 2F
2-1: Ball
3-1: Called Strike
3-2: Foul Ball, location: 2F
3-2: Base on Balls
Batting: RHB Janne Vihko Balk!
Ian Arlotta to second
0-0: Called Strike
0-1: Ground out U3 (Groundball, 34S, EV 86.2 MPH)
Ian Arlotta to third
Batting: LHB Antonio Luis 0-0: Swinging Strike
0-1: Foul Ball, location: 2F
0-2: Ball
1-2: Ball
2-2: Fly out, F8 (Line Drive, 8RD, EV 98.1 MPH)
Top of the 6th over - 0 runs, 0 hits, 0 errors, 1 left on base; Connecticut 4 - Los Angeles (NYP) 4
BOTTOM OF THE 6TH
Los Angeles (NYP) Angels batting - Pitching for Connecticut Tigers : RHP Adam Oyler
Batting: LHB Mutsuo IIda 0-0: Called Strike
0-1: Ball
1-1: Called Strike
1-2: Strikes out swinging, 2-3 out at first.
Batting: RHB Dean LeCroy 0-0: Called Strike
0-1: Foul Ball, location: 2F
0-2: Ball
1-2: Foul Ball, location: 2F
1-2: Strikes out looking
Batting: LHB Mario Anguiano 0-0: Ball
1-0: Fly out, F7 (Flyball, 7S, EV 85.6 MPH)
Bottom of the 6th over - 0 runs, 0 hits, 0 errors, 0 left on base; Connecticut 4 - Los Angeles (NYP) 4
TOP OF THE 7TH
Connecticut Tigers batting - Pitching for Los Angeles (NYP) Angels : RHP Jamie Snyder
DELAY Rain delay of 9 minutes in the 7th inning.
Batting: RHB Jaden Warrior 0-0: Ball
1-0: Called Strike
1-1: Ball
2-1: Fly out, F8 (Flyball, 8RD, EV 88.8 MPH)
Batting: RHB Juan Acero 0-0: Ball
1-0: Foul Ball, location: 2F
1-1: DOUBLE (Groundball, 5L, EV 110.0 MPH)
Batting: RHB Yankel Pensak 0-0: Foul Ball, location: 2F
0-1: SINGLE (Groundball, 56D, EV 98.1 MPH)
Juan Acero to third
Batting: LHB Afanasy Zasekin 0-0: Ball
1-0: SINGLE (Groundball, 4MD, EV 98.8 MPH)
Juan Acero scores
Yankel Pensak to second
Throwing error, E8
Yankel Pensak scores
Afanasy Zasekin to second
Batting: RHB Jeremiah Washington 0-0: Ball
1-0: Ground out 5-3 (Groundball, 56, EV 93.1 MPH)
Batting: RHB Jordan Hall 0-0: Ground out 5-3 (Groundball, 5L, EV 85.6 MPH)
Top of the 7th over - 2 runs, 3 hits, 1 error, 1 left on base; Connecticut 6 - Los Angeles (NYP) 4
BOTTOM OF THE 7TH
Los Angeles (NYP) Angels batting - Pitching for Connecticut Tigers : RHP Adam Oyler
Batting: RHB Wilford Harper 0-0: Foul Ball, location: 2F
0-1: Ball
1-1: Ground out 4-3 (Groundball, 4M, EV 105.6 MPH)
Batting: SHB Tim Connell 0-0: Called Strike
0-1: Foul Ball, location: 2F
0-2: Strikes out swinging
Batting: RHB Ron Major 0-0: Foul Ball, location: 2F
0-1: Ball
1-1: Swinging Strike
1-2: Ball
2-2: Strikes out swinging
Bottom of the 7th over - 0 runs, 0 hits, 0 errors, 0 left on base; Connecticut 6 - Los Angeles (NYP) 4
TOP OF THE 8TH
Connecticut Tigers batting - Pitching for Los Angeles (NYP) Angels : RHP Jamie Snyder
Batting: SHB Ian Arlotta 0-0: Called Strike
0-1: Swinging Strike
0-2: Ground out U3 (Groundball, 3, EV 101.9 MPH)
Batting: RHB Janne Vihko 0-0: Ground out 6-3 (Groundball, 56, EV 91.2 MPH)
Batting: LHB Antonio Luis 0-0: Called Strike
0-1: SOLO HOME RUN (Flyball, 9LD, EV 91.9 MPH), Distance : 346 ft
Pitching: RHP Humberto Paniagua
Batting: RHB Jaden Warrior 0-0: Ball
1-0: Ball
2-0: Ball
3-0: Base on Balls
Batting: RHB Juan Acero 0-0: Ball
1-0: Called Strike
1-1: Ball
2-1: Ball
3-1: Ground out 6-3 (Groundball, 6MS, EV 80.6 MPH)
Top of the 8th over - 1 run, 1 hit, 0 errors, 1 left on base; Connecticut 7 - Los Angeles (NYP) 4
BOTTOM OF THE 8TH
Los Angeles (NYP) Angels batting - Pitching for Connecticut Tigers : RHP Adam Oyler
Pitching: LHP Victor Villarreal
Batting: RHB Nick Lombardo 0-0: Reached on error, E6 (Groundball, 56, EV 94.4 MPH)
Batting: RHB Ricky Mejicanos 0-0: Ball
1-0: Ball
2-0: Ball
3-0: Called Strike
3-1: Fly out, F8 (Flyball, 8RD, EV 91.9 MPH)
Batting: RHB Kyler Seitz 0-0: Ball
1-0: Called Strike
1-1: Ball
2-1: Ball
3-1: Foul Ball, location: 2F
3-2: Foul Ball, location: 2F
3-2: Strikes out swinging
Batting: LHB Mutsuo IIda 0-0: Ball
1-0: Swinging Strike
1-1: Foul Ball, location: 2F
1-2: Foul Ball, location: 2F
1-2: Strikes out looking
Bottom of the 8th over - 0 runs, 0 hits, 1 error, 1 left on base; Connecticut 7 - Los Angeles (NYP) 4
TOP OF THE 9TH
Connecticut Tigers batting - Pitching for Los Angeles (NYP) Angels : RHP Humberto Paniagua
Batting: RHB Yankel Pensak 0-0: Ball
1-0: Ground out 5-3 (Groundball, 5S, EV 63.8 MPH)
Batting: LHB Afanasy Zasekin 0-0: Ball
1-0: Called Strike
1-1: Ball
2-1: Fly out, F8 (Line Drive, 8LM, EV 85.0 MPH)
Batting: RHB Jeremiah Washington 0-0: Swinging Strike
0-1: Ground out 6-3 (Groundball, 56, EV 95.6 MPH)
Top of the 9th over - 0 runs, 0 hits, 0 errors, 0 left on base; Connecticut 7 - Los Angeles (NYP) 4
BOTTOM OF THE 9TH
Los Angeles (NYP) Angels batting - Pitching for Connecticut Tigers : LHP Victor Villarreal
Batting: RHB Dean LeCroy 0-0: Foul Ball, location: 2F
0-1: Ball
1-1: Ball
2-1: Foul Ball, location: 2F
2-2: Ground out 6-3 (Groundball, 6D, EV 105.0 MPH)
Batting: RHB T.J. Gray 0-0: Foul Ball, location: 2F
0-1: Ground out 6-3 (Groundball, 6, EV 97.5 MPH)
Batting: RHB Wilford Harper 0-0: Ball
1-0: Foul Ball, location: 2F
1-1: Fly out, F3 (Popup, 23F, EV 79.4 MPH)
Bottom of the 9th over - 0 runs, 0 hits, 0 errors, 0 left on base; Connecticut 7 - Los Angeles (NYP) 4
Tuesday, March 28th , 2023 - OOTP Baseball 23.10 Build 110